 Dungeon Sprint DCSS version 0.26-a0-976-gd3b5134375 (webtiles) character file.

Game seed: 92553517973347176

347 Conn the Arsonist (level 6, 0/36 (37) HPs)
             Began as an Octopode Fire Elementalist on Dec 5, 2020.
             Was an Initiate of Sif Muna.
             Shot with a bolt by a yaktaur (19 damage)
             ... in the Dungeon (Sprint II: "The Violet Keep of Menkaure").
             The game lasted 00:03:42 (327 turns).

Conn the Arsonist (Octopode Fire Elementalist)       Turns: 327, Time: 00:03:43

HP:   0/36 (37)     AC:  1    Str:  7    XL:     6   Next: 59%
MP:   10/14         EV: 15    Int: 19    God:    Sif Muna [......]
Gold: 243           SH:  0    Dex: 13    Spells: 0/16 levels left

rFire    . . .     SeeInvis .   (no weapon)
rCold    . . .     Faith    .   (no shield)
rNeg     . . .     Spirit   .   (helmet restricted)
rPois    .         Reflect  .   (no amulet)
rElec    .         Harm     .   (no ring)
rCorr    .         Rampage  .   (no ring)
MR       .....     NoTele   +   (no ring)
Stlth    ++++......             (no ring)
HPRegen  0.12/turn              (no ring)
MPRegen  0.14/turn              (no ring)
                                (no ring)
                                (no ring)

@: no status effects
A: almost no armour, stealthy swim, amphibious, 8 rings, constrict 8, camouflage
1, gelatinous body 1
a: Renounce Religion


You were in the Dungeon.
You worshipped Sif Muna.
Sif Muna was noncommittal.
You visited 1 branch You collected 243 gold pieces.

Inventory:

Scrolls
 g - a scroll of blinking
Potions
 b - a potion of curing
 c - a potion of heal wounds
 e - 2 potions of magic


   Skills:
 + Level 0.5 Fighting
 + Level 5.2 Dodging
 + Level 6.3 Stealth
 + Level 5.8 Spellcasting
 * Level 2.0 Conjurations
 + Level 10.4 Fire Magic


You couldn't memorise any spells.
You knew the following spells:

 Your Spells              Type           Power        Failure   Level
a - Foxfire               Conj/Fire      ####         1%          1
b - Conjure Flame         Conj/Fire      ####....     2%          3
c - Inner Flame           Hex/Fire       ####....     4%          3
d - Sticky Flame          Conj/Fire      ####....     9%          4
e - Fireball              Conj/Fire      ####......   24%         5

Your spell library contained the following spells:

 Spells                   Type           Power        Failure   Level


Dungeon Overview and Level Annotations

Branches:
Dungeon (1/1)

Altars:
Cheibriados
Dithmenos
Elyvilon
Fedhas
Gozag
Hepliaklqana
Kikubaaqudgha
Makhleb
Nemelex Xobeh
Okawaru
Qazlal
Ru
Sif Muna
Trog
Uskayaw
Vehumet
Wu Jian
Xom
Yredelemnul
Zin
The Shining One
Beogh
Jiyva
Lugonu


Innate Abilities, Weirdness & Mutations

You cannot wear most types of armour.
You are very stealthy in the water. (Stealth+)
You are amphibious.
You can wear up to eight rings at the same time.
You can use your tentacles to constrict eight enemies at once.
Your skin changes colour to match your surroundings (Stealth+).
Your rubbery body absorbs attacks. (AC +1, EV +1)


Message History

The spell is quite dangerous to cast (9% risk of failure)!
Continue anyway?
Aiming: Sticky Flame (quite dangerous; 9% risk of failure)
Press: ? - help, Shift-Dir - straight line, f - polar bear
Aim: a polar bear (lightly wounded, 0% to evade)
The sticky flame hits the polar bear but does no damage.
The polar bear is lightly wounded.
The polar bear is covered in liquid flames!
The polar bear burns!
The polar bear burns!
The polar bear bites you. The polar bear claws you. x2
The polar bear burns!
The polar bear burns!
The polar bear stops burning.
Casting: Sticky Flame (quite dangerous; 9% risk of failure)
Confirm with . or Enter, or press ? or * to list all spells.
Okay, then.
Okay, then.
The polar bear misses you. The polar bear claws you. x2
The yaktaur wields a +0 arbalest.
The yaktaur shoots a bolt.
The bolt hits you!!
Ouch! That really hurt!
You die...

##≈≈.§§..§#'########+###
≈≈≈≈≈§≈..≈#.c..._._#≈≈§##
≈≈≈≈≈≈≈≈.≈#...._._.#≈≈§§##
≈≈≈≈§§≈§≈≈#..._._._#§§§§§#
≈≈≈§≈≈≈≈≈≈#.._.h._.#§§§≈≈≈
#≈≈≈≈≈≈≈≈≈#._._._h_#§§§§≈≈
##≈§§###≈§#_._._h_.#≈§§§§≈
#≈≈#._._.y..#S§≈≈§≈
#≈≈#.._._@_.#S≈§≈▓
§≈≈§##########≈§≈≈▓z
#####≈≈≈≈≈S≈≈≈§≈≈≈▓z
≈§###≈########≈▓▓▓▓▓
≈≈§##≈ ▓▓ §≈;§+≈ §≈≈###
§≈#


You could see 3 polar bears, a yaktaur, a hornet and 3 water moccasins.

Vanquished Creatures
  4 necrophages (D)
4 creatures vanquished.

Vanquished Creatures (others)
  A water moccasin (D)
  5 foxfires (D)
6 creatures vanquished.

Grand Total: 10 creatures vanquished

Notes
Turn   | Place    | Note
-------+----------+-------------------------------------------
     0 | D        | Conn the Octopode Fire Elementalist began the quest for the
                  | Orb.
     0 | D        | Reached XP level 1. HP: 11/11 MP: 3/3
     1 | D        | Noticed a merfolk siren
     4 | D        | Noticed a wyvern
     4 | D        | Noticed a wyvern
     8 | D        | Noticed a neqoxec
    11 | D        | Noticed a necrophage
    11 | D        | Noticed a necrophage
    11 | D        | Noticed a necrophage
    11 | D        | Noticed a necrophage
    18 | D        | Killed a necrophage
    19 | D        | Reached skill level 7 in Fire Magic
    19 | D        | Reached XP level 2. HP: 17/17 MP: 3/6
    19 | D        | Reached XP level 3. HP: 21/21 MP: 4/8
    19 | D        | Reached XP level 4. HP: 27/27 MP: 4/9
    25 | D        | Killed a necrophage
    26 | D        | Reached skill level 5 in Stealth
    26 | D        | Reached skill level 8 in Fire Magic
    26 | D        | Reached XP level 5. HP: 31/31 MP: 4/12
    30 | D        | Killed a necrophage
    31 | D        | Reached skill level 5 in Spellcasting
    31 | D        | Reached skill level 9 in Fire Magic
    31 | D        | Reached XP level 6. HP: 22/36 MP: 4/14
    36 | D        | Killed a necrophage
    37 | D        | Reached skill level 5 in Dodging
    37 | D        | Reached skill level 10 in Fire Magic
    59 | D        | Found a roughly hewn altar of Beogh.
    60 | D        | Found a snail-covered altar of Cheibriados.
    61 | D        | Found a shadowy altar of Dithmenos.
    61 | D        | Found a viscous altar of Jiyva.
    62 | D        | Found a white marble altar of Elyvilon.
    62 | D        | Found an ancient bone altar of Kikubaaqudgha.
    63 | D        | Found a blossoming altar of Fedhas.
    63 | D        | Found a corrupted altar of Lugonu.
    63 | D        | Found a shimmering blue altar of Sif Muna.
    64 | D        | Found an opulent altar of Gozag.
    64 | D        | Found a burning altar of Makhleb.
    64 | D        | Found a bloodstained altar of Trog.
    65 | D        | Found a sparkling altar of Nemelex Xobeh.
    65 | D        | Found a hide-covered altar of Uskayaw.
    66 | D        | Found a basalt altar of Yredelemnul.
    67 | D        | Found an iron altar of Okawaru.
    67 | D        | Found a radiant altar of Vehumet.
    67 | D        | Found a glowing silver altar of Zin.
    67 | D        | Found a hazy altar of Hepliaklqana.
    67 | D        | Found a sacrificial altar of Ru.
    67 | D        | Found a shimmering altar of Xom.
    68 | D        | Found a stormy altar of Qazlal.
    68 | D        | Found an ornate altar of the Wu Jian Council.
    68 | D        | Found a glowing golden altar of the Shining One.
    71 | D        | Noticed a water moccasin
    74 | D        | Noticed a water moccasin
    75 | D        | Became a worshipper of Sif Muna the Loreminder
    82 | D        | Learned a level 3 spell: Conjure Flame
    86 | D        | Learned a level 3 spell: Inner Flame
    91 | D        | Learned a level 4 spell: Sticky Flame
    97 | D        | Learned a level 5 spell: Fireball
    97 | D        | Noticed a polar bear
   197 | D        | Noticed a water moccasin
   227 | D        | Killed a water moccasin
   232 | D        | Noticed a flying skull
   232 | D        | Noticed a flying skull
   236 | D        | Noticed a water moccasin
   315 | D        | Noticed a hornet
   316 | D        | Noticed a yaktaur
   317 | D        | Noticed a polar bear
   317 | D        | Noticed a polar bear
   327 | D        | Shot with a bolt by a yaktaur

Illustrated notes

Levels and vault maps discovered:
D:        the_violet_keep_of_menkaure [sprint2_stairs_cluster_1,
          sprint2_shoproom, sprint2_temple, sprint2_basic_supplies,
          sprint2_obstacle_2, sprint2_obstacle_7, sprint2_obstacle_4,
          sprint2_obstacle_1, sprint2_obstacle_3, sprint2_timed_cluster_1,
          sprint2_smallroom_cluster_1, sprint2_smallroom_final_cluster_1,
          sprint2_transparent_cluster_1, sprint2_second_timed_cluster_1,
          sprint2_sniper_area_1, sprint2_heavy_combat_area_1,
          sprint2_mutation_trap_area_1, sprint2_forest_area_1,
          sprint2_light_combat_area_1, sprint2_behind_water_1,
          sprint2_near_end_vault_1]

Skill      XL: |  1  2  3  4  5  6 |
---------------+-------------------+-----
Dodging        | 3 4 5 |  5.2
Stealth        | 4 5 6 |  6.3
Spellcasting   | 3 4 5 |  5.8
Fire Magic     | 7 8 9 10 | 10.4
Conjurations   | 2 |  2.0
Fighting       | |  0.5

Action                   |  1- 3 |  4- 6 || total
-------------------------+-------+-------++-------
Melee: Unarmed           |     5 |    12 ||    17
       Tentacles         |     2 |     3 ||     5
       Constrict         |     1 |     3 ||     4
 Cast: Foxfire           |       |     3 ||     3
       Sticky Flame      |       |     1 ||     1
  Use: Potion            |     2 |       ||     2
Armor: Skin              |       |     1 ||     1
Dodge: Dodged            |     2 |     5 ||     7

Table legend: (Time is in decaauts)
 A = Elapsed time spent in this place.
 B = Non-inter-level travel time spent in this place.
 C = Inter-level travel time spent in this place.
 D = Time resting spent in this place.
 E = Time spent auto-exploring this place.
 F = Levels seen in this place.
 G = Mean time per level.
                   A        B        C        D        E       F      G
               +--------+--------+--------+--------+--------+-----+--------+
         Total |    318 |    318 |      0 |    202 |      0 |   1 |  318.0 |
       Dungeon |    318 |    318 |      0 |    202 |      0 |   1 |  318.0 |
               +--------+--------+--------+--------+--------+-----+--------+

Top non-repeatable levels by time:
       D: 318 daAuts
